 Dungeon Crawl Stone Soup version 0.31.0-9-g3a7656b989 (webtiles) character file.

Game seed: 10790221876276594084

1174 Kallu the Basher (level 8, 0/62 HPs)
             Began as an Armataur Fighter on Jan 25, 2024.
             Was a Priest of Dithmenos.
             Slain by an orc
             ... wielding a +0 war axe
              (6 damage)
             ... on level 5 of the Dungeon.
             The game lasted 00:05:52 (4546 turns).

Kallu the Basher (Armataur Fighter)                 Turns: 4546, Time: 00:05:52

Health: 0/62       AC:  9    Str: 23    XL:     8   Next: 18%
Magic:  8/8        EV:  7    Int: 10    God:    Dithmenos [***...]
Gold:   228        SH:  0    Dex:  9    Spells: 7/7 levels left

rFire   . . .        a - +0 flail
rCold   . . .        (no shield)
rNeg    . . .        b - +0 scale mail
rPois   .            s - +0 helmet
rElec   .            (no cloak)
rCorr   .            v - +0 pair of gloves
SInv    .            (no barding)
Will    .....        (no amulet) Stlth
                     (no ring)
HPRegen 0.30/turn    (no ring)
MPRegen 0.11/turn

%: roll
@: attractive, wreathed by umbra
A: large, deformed body, tough skin 3, armoured tail, roll 2
a: Renounce Religion, Shadow Step


You were on level 5 of the Dungeon.
You worshipped Dithmenos.
Dithmenos was most pleased with you.
You visited 1 branch of the dungeon, and saw 5 of its levels.

You collected 228 gold pieces.

Inventory:

Hand Weapons
 a - a +0 flail (weapon)
Armour
 b - a +0 scale mail (worn)
 c - a +0 buckler
 s - a +0 helmet (worn)
 v - a +0 pair of gloves (worn)
Talismans
 p - a beast talisman
 A - a maw talisman
Wands
 m - a wand of polymorph (6)
Scrolls
 f - 5 scrolls of fear {unknown}
 g - a scroll of poison {unknown}
 j - a scroll of fog {unknown}
 k - 3 scrolls of identify {unknown}
 n - a scroll of amnesia {unknown}
 r - a scroll of teleportation {unknown}
 u - a scroll of revelation {unknown}
 w - a scroll of summoning {unknown}
 y - 2 scrolls of vulnerability {unknown}
Potions
 d - a potion of might
 e - a potion of attraction
 h - a potion of resistance {unknown}
 i - a potion of invisibility {unknown}
 l - 2 potions of brilliance {unknown}
 o - a potion of cancellation {unknown}
 q - a potion of magic {unknown}
 t - a potion of heal wounds
 x - a potion of enlightenment {unknown}
 z - a potion of curing {unknown}


   Skills:
 - Level 2.6 Fighting
 + Level 9.2 Maces & Flails
 - Level 3.6 Armour
 - Level 3.2 Shields


You had 7 spell levels left.
You didn't know any spells.
Your spell library was empty.

Dungeon Overview and Level Annotations

Branches:
Dungeon (5/15)
 Temple: D:4-7

Altars:
Dithmenos
Fedhas
Yredelemnul

Annotations:
D:5 3 runed translucent doors, topfpfpflanze's ghost, weakling FeSh


Innate Abilities, Weirdness & Mutations

Armour fits poorly on your strangely shaped body.
You have extremely tough skin. (AC +3)
You have a long armoured tail.
You regenerate magic and health when rolling toward enemies. (Rampage Regen)


Message History

The orc hits you with a +0 war axe.
The orc wizard hits you but does no damage.
You closely miss the orc wizard.
The orc wizard is severely wounded.
The orc wizard hits you with a +0 dagger.
The orc hits you with a +0 club. The orc completely misses you.
The orc hits you with a +0 war axe.
You closely miss the orc wizard. You tail-slap the orc wizard.
You kill the orc wizard!
Dithmenos accepts your kill.
A ribbon worm comes into view.
The orc hits you with a +0 war axe.
* * * LOW HITPOINT WARNING * * *
Things that are here:
a +0 dagger; a +0 robe The orc hits you but does no damage.
The orc hits you with a +0 war axe.
* * * LOW HITPOINT WARNING * * *
The orc hits you but does no damage. The orc hits you but does no damage.
There is an open door here.
The orc attacks as it pursues you! The orc hits you with a +0 war axe.
* * * LOW HITPOINT WARNING * * *
The orc attacks as it pursues you! The orc hits you with a +0 war axe.
* * * LOW HITPOINT WARNING * * *
The orc attacks as it pursues you! The orc hits you with a +0 war axe.
* * * LOW HITPOINT WARNING * * *
Okay, then.
Okay, then.
Unknown command.
It was a potion of attraction.
You feel attractive to monsters. The orc hits you but does no damage.
It was a potion of heal wounds.
You feel much better. The orc hits you with a +0 war axe!
* * * LOW HITPOINT WARNING * * *
The orc attacks as it pursues you! The orc hits you with a +0 war axe!
* * * LOW HITPOINT WARNING * * *
The orc is attracted toward you. The orc attacks as it pursues you!
The orc hits you with a +0 war axe.
You die...

.##...## ####.##### #.# .#....w##
#........# ###.#
........###.##.###.# ######.#.##
.....)...##.#......####..........
.....)...'..................#....
........o##.#...##.###.....###..)
........###.##.###.###.##..###..#
)#.....## #§oo.o.....#.###..#..##
.##...## ######@....#..##....)##
.###'## #.................. .#
#.# #.......##....^.... .# #.#
#......####..._...# .###.#######
#.###...##.........
...........####)# ##.............
##.....###......# ###..##.....##
##...## ######## #.###..#..##
##.## #.##..###..#


You could see 3 orcs.

Vanquished Creatures
  Pikel (D:5)
  A sky beast (D:4)
  An ogre (D:5)
  A centaur (D:5)
  A scorpion (D:5)
  A crimson imp (D:4)
  An orc priest (D:5)
  A bombardier beetle (D:3)
  A hound (D:4)
  Terence (D:3)
  3 orc wizards
  4 adders
  3 gnolls (D:2)
  A shadow imp (D:5)
  2 white imps (D:4)
  A dart slug (D:1)
  19 orcs
  9 ball pythons
  2 endoplasms
  11 goblins
  5 hobgoblins
  2 jackals (D:5)
  5 kobolds
  3 quokkas
  6 bats
  3 frilled lizards
  2 rats
91 creatures vanquished.

Notes
Turn   | Place    | Note
-------+----------+-------------------------------------------
     0 | D:1      | Kallu the Armataur Fighter began the quest for the Orb.
     0 | D:1      | Reached XP level 1. HP: 18/18 MP: 1/1
    35 | D:1      | Found a faded altar of an unknown god.
    43 | D:1      | Reached skill level 2 in Maces & Flails
    49 | D:1      | Prayed at the altar of an unknown god.
    49 | D:1      | Became a worshipper of Dithmenos the Shadowed
    49 | D:1      | Reached * piety under Dithmenos
   120 | D:1      | Reached XP level 2. HP: 25/25 MP: 2/2
   998 | D:2      | Reached skill level 3 in Maces & Flails
  1020 | D:2      | Found a blossoming altar of Fedhas.
  1037 | D:2      | Reached XP level 3. HP: 18/30 MP: 3/3
  1501 | D:2      | Reached XP level 4. HP: 19/37 MP: 4/4
  1502 | D:2      | Reached skill level 4 in Maces & Flails
  1952 | D:3      | Noticed Terence
  1964 | D:3      | Killed Terence
  1965 | D:3      | Reached XP level 5. HP: 16/42 MP: 5/5
  2155 | D:3      | Reached ** piety under Dithmenos
  2631 | D:4      | Reached skill level 5 in Maces & Flails
  2706 | D:4      | Found a basalt altar of Yredelemnul.
  2986 | D:4      | Noticed a sky beast
  3008 | D:4      | Killed a sky beast
  3009 | D:4      | Reached skill level 6 in Maces & Flails
  3009 | D:4      | Reached XP level 6. HP: 10/50 MP: 6/6
  3914 | D:5      | Entered Level 5 of the Dungeon
  4030 | D:5      | Reached skill level 7 in Maces & Flails
  4030 | D:5      | Gained mutation: You regenerate magic and health when
                  | rolling toward enemies. (Rampage Regen) [Armataur growth]
  4030 | D:5      | Reached XP level 7. HP: 55/56 MP: 7/7
  4033 | D:5      | Noticed Pikel
  4061 | D:5      | Killed Pikel
  4062 | D:5      | Reached skill level 8 in Maces & Flails
  4236 | D:5      | Found a shadowy altar of Dithmenos.
  4269 | D:5      | Reached XP level 8. HP: 36/62 MP: 8/8
  4379 | D:5      | Found a runed translucent gate.
  4388 | D:5      | Found a runed translucent gate.
  4388 | D:5      | Noticed topfpfpflanze's ghost (weakling FeSh)
  4389 | D:5      | Found a runed translucent gate.
  4417 | D:5      | Reached *** piety under Dithmenos
  4519 | D:5      | Reached skill level 9 in Maces & Flails
  4540 | D:5      | HP: 3/62 [orc/+0 war axe (3)]
  4546 | D:5      | Slain by an orc

Illustrated notes

Levels and vault maps discovered:
D:1:      lemuel_arrival_hallway, layout_basic,
          nicolae_ecumenical_snake_handling,
          wander_ebering_terrifying_dragon_lair
D:2:      layout_basic, basic_altar
D:3:      layout_loops_cross, uniq_terence
D:4:      layout_loops_corners, mainiacjoe_overflow_chevrons,
          minmay_fire_ice_demons
D:5:      layout_loops_corners, led_sif_book, nicolae_dithmenos_shadow_blocks,
          chequers_temple_overflow_minitemple, gammafunk_ghost_nasty_kobolds,
          nicolae_twisty_statue_hallways, uniq_ijyb, uniq_pikel,
          uniq_crazy_yiuf_cottage

Skill      XL: |  1  2  3  4  5  6  7  8 |
---------------+-------------------------+-----
Maces & Flails | 2 3 4 6 7 8 9 |  9.2
Fighting       | |  2.6
Armour         | |  3.6
Shields        | |  3.2

Action                     |  1- 3 |  4- 6 |  7- 9 || total
---------------------------+-------+-------+-------++-------
  Melee: Flail             |   113 |   165 |    70 ||   348
         Punch             |     1 |     2 |     1 ||     4
         Tailslap          |     6 |    16 |    12 ||    34
    Use: Potion            |       |       |     3 ||     3
 Armour: Scale mail        |   107 |   133 |   122 ||   362
  Dodge: Dodged            |    63 |    64 |    29 ||   156
         Form:             |       |     1 |       ||     1
         Beast             |       |     1 |       ||     1
